 Dungeon Crawl Stone Soup version 0.26-a0-663-g36e8fdb655 (webtiles) character file.

Game seed: 14522168050806159433

403 jasper the Quickloader (level 7, -24/38 HPs)
             Began as a Kobold Arcane Marksman on Oct 11, 2020.
             Was a Follower of Okawaru.
             Killed from afar by an ufetubus (37 damage)
             ... with an exploding inner flame
             ... hexed by the player character
             ... on level 4 of the Dungeon.
             The game lasted 00:11:57 (4674 turns).

jasper the Quickloader (Kobold Arcane Marksman)     Turns: 4674, Time: 00:11:58

Health: -24/38     AC:  8    Str:  7    XL:     7   Next: 11%
Magic:  8/8        EV: 15    Int: 17    God:    Okawaru [*.....]
Gold:   123        SH:  0    Dex: 15    Spells: 6/8 levels left

rFire    . . .     SeeInvis .   i - +0 trident
rCold    . . .     Faith    .   (shield currently unavailable)
rNeg     . . .     Spirit   .   e - +0 robe
rPois    .         Reflect  .   (no helmet)
rElec    .         Harm     .   m - +2 cloak
rCorr    .         Rampage  .   (no gloves)
MR       .....                  j - +2 pair of boots
Stlth    ++........             (no amulet)
HPRegen  0.12/turn              (no ring)
MPRegen  0.11/turn              (no ring)

@: no status effects
A: small, nightstalker 3
a: Heroism, Renounce Religion


You were on level 4 of the Dungeon.
You worshipped Okawaru.
Okawaru was aware of your devotion.
You visited 1 branch of the dungeon, and saw 5 of its levels.

You collected 123 gold pieces.

Inventory:

Hand Weapons
 a - a +0 hand crossbow
 b - a +0 hunting sling
 i - a +0 trident (weapon)
Missiles
 c - 123 stones (quivered)
 f - 19 sling bullets
Armour
 e - a +0 robe (worn)
 h - a -2 kite shield
 j - a +2 pair of boots (worn)
 m - a +2 cloak (worn)
 n - a +0 buckler
Scrolls
 g - a scroll of enchant armour
 l - a scroll of immolation
 o - a scroll of enchant weapon
 r - a scroll of remove curse
Potions
 k - a potion of curing
 q - a potion of magic {unknown}
 s - a potion of berserk rage {unknown}
 t - a potion of mutation {unknown}


   Skills:
 - Level 1.1 Fighting
 + Level 8.5 Crossbows
 - Level 2.4 Dodging
 - Level 1.1 Spellcasting
 - Level 3.0 Hexes


You had 6 spell levels left.
You knew the following spells:

 Your Spells              Type           Power        Failure   Level
b - Slow                  Hex            ##......     10%         2

Your spell library contained the following spells:

 Spells                   Type           Power        Failure   Level
 Corona                   Hex            ##.....      6%          1
 Inner Flame              Hex/Fire       #.......     34%         3
 Portal Projectile        Hex/Tloc       #.....       34%         3
 Cause Fear               Hex            ##........   52%         4
 Leda's Liquefaction      Hex/Erth       #.........   75%         4


Dungeon Overview and Level Annotations

Branches:
Dungeon (5/15)
 Temple: D:4-7

Altars:
Ashenzari
Fedhas
Kikubaaqudgha
Makhleb
Okawaru
Ru
Sif Muna
Uskayaw
Vehumet
The Shining One

Shops:
D:4 =

Annotations:
D:2 1 runed translucent door, Crazy Yiuf


Innate Abilities, Weirdness & Mutations

You are small and have problems with some larger weapons.
You are completely attuned to the shadows.


Message History

The ufetubus completely misses you. The ufetubus misses you.
The ufetubus closely misses you.
You hit the ufetubus but do no damage. The ufetubus misses you. x2
You miss the ufetubus. The ufetubus misses you. The ufetubus hits you.
The ufetubus misses you. x2
You take 1 damage, and have 13/38 hp.
You barely miss the ufetubus. The ufetubus barely misses you.
The ufetubus hits you. The ufetubus misses you. The ufetubus barely misses you.
You take 1 damage, and have 12/38 hp.
You hit the ufetubus but do no damage.
The ufetubus hits you but does no damage.
The ufetubus misses you. x2
The ufetubus hits you but does no damage.
You hit the ufetubus.
Flame seeps out of the ufetubus.
The ufetubus is heavily wounded.
The ufetubus is engulfed in blazing flames.
The ufetubus explodes!
The fiery explosion engulfs you!!!
Ouch! That really hurt!
You die...

............#
............##############
.................(.......#
................>#####.###
............####.# #.#
........#'### #.# #.#
........#.######§# #.#
........#.#...##○#####.#
........#.#.#.##@§.....#
..............#..#######
#######'#+#.###..#..#
#.........# #.....#
#.........####.#.##
#..............#.#
###.........######.#
............#....#.#
............#.##.#.#


There were no monsters in sight!

Vanquished Creatures
  2 ogres (D:4)
  A howler monkey (D:4)
  A hound (D:4)
  A centaur skeleton (D:4)
  A worker ant (D:4)
  7 adders
  2 worms
  A dart slug (D:1)
  3 leopard geckos
  An orc (D:4)
  3 bats
  A giant cockroach (D:1)
  9 goblins
  A hobgoblin (D:1)
  3 jackals (D:2)
  A quokka (D:2)
  3 ball pythons
  2 frilled lizards (D:4)
  7 kobolds
  6 rats
56 creatures vanquished.

Vanquished Creatures (others)
  35 plants (D:1)
35 creatures vanquished.

Grand Total: 91 creatures vanquished

Notes
Turn   | Place    | Note
-------+----------+-------------------------------------------
     0 | D:1      | jasper the Kobold Arcane Marksman began the quest for the
                  | Orb.
     0 | D:1      | Reached XP level 1. HP: 12/12 MP: 2/2
    81 | D:1      | Reached skill level 3 in Crossbows
    82 | D:1      | Reached XP level 2. HP: 16/16 MP: 3/3
   567 | D:1      | Reached skill level 4 in Crossbows
   567 | D:1      | Reached XP level 3. HP: 20/20 MP: 4/4
  1066 | D:2      | Found a hide-covered altar of Uskayaw.
  1070 | D:2      | Found a radiant altar of Vehumet.
  1071 | D:2      | Found a sacrificial altar of Ru.
  1073 | D:2      | Found an iron altar of Okawaru.
  1078 | D:2      | Found a blossoming altar of Fedhas.
  1086 | D:2      | Became a worshipper of Warmaster Okawaru
  1172 | D:2      | Found a glowing golden altar of the Shining One.
  1392 | D:2      | You fall into a shaft and drop 2 floors!
  1444 | D:4      | Found Sixton's Jewellery Shoppe.
  1454 | D:4      | Reached skill level 5 in Crossbows
  1454 | D:4      | Reached XP level 4. HP: 25/25 MP: 5/5
  1576 | D:4      | Found a broken altar of Ashenzari.
  1739 | D:4      | Noticed a phantom
  1892 | D:4      | Noticed an ogre
  2326 | D:3      | Reached XP level 5. HP: 29/29 MP: 6/6
  2371 | D:2      | Found a burning altar of Makhleb.
  2576 | D:2      | Found a shimmering blue altar of Sif Muna.
  2646 | D:2      | Reached skill level 6 in Crossbows
  2850 | D:2      | Found a runed translucent door.
  3086 | D:2      | Noticed Crazy Yiuf
  3167 | D:3      | Noticed a bullfrog
  3461 | D:5      | Entered Level 5 of the Dungeon
  3461 | D:5      | Found an ancient bone altar of Kikubaaqudgha.
  3782 | D:4      | Killed an ogre
  3782 | D:4      | Reached * piety under Okawaru
  3782 | D:4      | Reached skill level 7 in Crossbows
  3782 | D:4      | Reached XP level 6. HP: 34/34 MP: 7/7
  3829 | D:4      | Noticed an ogre
  4302 | D:4      | Killed an ogre
  4302 | D:4      | Reached skill level 8 in Crossbows
  4357 | D:4      | Learned a level 2 spell: Slow
  4364 | D:4      | Reached XP level 7. HP: 34/38 MP: 8/8
  4674 | D:4      | Killed from afar by an ufetubus

Illustrated notes

Levels and vault maps discovered:
D:1:      roderic_crop_circles_arrival_small, layout_loops_ring
D:2:      layout_rooms, chequers_temple_overflow_minitemple, lemuel_round_altar,
          grunt_temple_overflow_open, chequers_serial_rivers_small_b,
          kennysheep_generic_room_6, uniq_crazy_yiuf_cottage
D:3:      layout_basic, marbit_many_paths
D:4:      layout_basic, ashenzari_altar_1, serial_shops, shop
D:5:      layout_basic, nicolae_gozag_cash_rules_everything_around_me,
          overflow_temple_1_default, minmay_temple_entry_mini_moons,
          serial_shops, shop

Skill      XL: |  1  2  3  4  5  6 |
---------------+-------------------+-----
Crossbows      | 3 4 5 7 8 |  8.5
Fighting       | |  1.1
Dodging        | |  2.4
Spellcasting   | |  1.1
Hexes          | |  3.0

Action                   |  1- 3 |  4- 6 |  7- 9 || total
-------------------------+-------+-------+-------++-------
Melee: Trident           |       |       |     7 ||     7
 Fire: Hand crossbow     |    72 |   114 |    13 ||   199
       Hunting sling     |       |    28 |       ||    28
Throw: Stone             |       |       |    13 ||    13
  Use: Scroll            |     2 |     8 |     2 ||    12
       Potion            |       |     3 |       ||     3
Armor: Robe              |     2 |    34 |    24 ||    60
Dodge: Dodged            |    29 |    73 |    77 ||   179
Block: Buckler           |     2 |    17 |    13 ||    32

Table legend: (Time is in decaauts)
 A = Elapsed time spent in this place.
 B = Non-inter-level travel time spent in this place.
 C = Inter-level travel time spent in this place.
 D = Time resting spent in this place.
 E = Time spent auto-exploring this place.
 F = Levels seen in this place.
 G = Mean time per level.
                   A        B        C        D        E       F      G
               +--------+--------+--------+--------+--------+-----+--------+
         Total |   4736 |   4424 |    312 |    622 |   2956 |   5 |  947.2 |
       Dungeon |   4736 |   4424 |    312 |    622 |   2956 |   5 |  947.2 |
               +--------+--------+--------+--------+--------+-----+--------+

Top non-repeatable levels by time:
     D:4: 1873 daAuts
     D:2: 1158 daAuts
     D:1: 1046 daAuts
     D:3: 589 daAuts
     D:5: 69 daAuts
